 Dungeon Crawl Stone Soup version 0.29.1-12-g30fa7ad0bf (webtiles) character file.

Game seed: 5491747391501884395

311 zeram the Covered (level 6, -2/38 HPs)
             Began as a Gargoyle Fighter on Dec 14, 2022.
             Killed by divine providence
             ... invoked by an orc priest
              (15 damage)
             ... on level 3 of the Dungeon.
             The game lasted 00:04:39 (2703 turns).

zeram the Covered (Gargoyle Fighter)                Turns: 2703, Time: 00:04:40

Health: -2/38      AC: 12    Str: 22    XL:     6   Next: 42%
Magic:  6/6        EV:  9    Int:  8    God:
Gold:   216        SH:  4    Dex:  9    Spells: 5/5 levels left

rFire   . . .      SeeInvis .   a - +0 flail
rCold   . . .      Faith    .   c - +0 buckler
rNeg    + . .      Spirit   .   b - +0 scale mail
rPois   ∞          Reflect  .   (no helmet)
rElec   +          Harm     .   (no cloak)
rCorr   .          Rampage  .   l - +0 pair of gloves
Will    .....                   (no boots)
Stlth   ..........              (no amulet)
HPRegen 0.12/turn               g - ring of flight
MPRegen 0.10/turn               (no ring)

@: flying
A: sickness immunity, AC +4, negative energy resistance 1, electricity
resistance, torment resistance 1, petrification resistance
a: no special abilities


You were on level 3 of the Dungeon.
You visited 1 branch of the dungeon, and saw 3 of its levels.

You collected 216 gold pieces.

Inventory:

Hand Weapons
 a - a +0 flail (weapon)
Armour
 b - a +0 scale mail (worn)
 c - a +0 buckler (worn)
 l - a +0 pair of gloves (worn)
Jewellery
 g - a ring of flight (left hand)
Scrolls
 k - a scroll of magic mapping {unknown}
 n - a scroll of poison {unknown}
Potions
 e - a potion of flight {unknown}
 f - a potion of invisibility
 h - a potion of cancellation
 i - 2 potions of curing {unknown}
 j - a potion of attraction {unknown}


   Skills:
 + Level 3.9 Fighting
 + Level 4.5 Maces & Flails
 + Level 4.7 Armour
 + Level 1.5 Dodging
 + Level 0.2 Stealth
 + Level 3.8 Shields


You had 5 spell levels left.
You didn't know any spells.
Your spell library contained the following spells:

 Spells                   Type           Power      Damage    Failure   Level
 Freeze                   Ice            0%         1d3       82%         1
 Static Discharge         Conj/Air       0%         3-3/arc   91%         2
 Frozen Ramparts          Ice            0%         1d1       99%         3
 Ozocubu's Armour         Ice            0%         N/A       99%         3
 Hailstorm                Conj/Ice       0%         3d3       100%        4
 Lightning Bolt           Conj/Air       0%         1d11      100%        5
 Ozocubu's Refrigeration  Ice            0%         4d7       100%        7
 Maxwell's Capacitive Co  Air            0%         ∞         100%        8


Dungeon Overview and Level Annotations

Branches:
Dungeon (3/15)

Altars:
Trog


Innate Abilities, Weirdness & Mutations

You are immune to sickness and miasma.
Your stone body is resilient. (AC +4)
You are immune to poison.
You resist negative energy. (rN+)
You are resistant to electric shocks. (rElec)
You are resistant to unholy torment.
You are immune to petrification.


Message History

You barely miss the howler monkey. The howler monkey hits you.
The orc hits you but does no damage. You block the howler monkey's attack.
You barely miss the howler monkey. The orc hits you with a +0 trident.
The howler monkey closely misses you. The orc hits you with a +0 trident.
You closely miss the howler monkey. The howler monkey closely misses you.
The howler monkey hoots and howls with incredible vigour!
The orc hits you with a +0 trident.
You thump the howler monkey!
The howler monkey is severely wounded.
The howler monkey barely misses you. The orc barely misses you.
An orc comes into view. It is wielding a +0 trident.
You completely miss the howler monkey.
The howler monkey is severely wounded.
The howler monkey hits you. The orc closely misses you.
The howler monkey hoots and howls with incredible vigour!
You hear an angry hiss.
You are too injured to fight recklessly!
You are too injured to fight recklessly!
You are too injured to fight recklessly!
You are too injured to fight recklessly!
You are too injured to fight recklessly!
You are too injured to fight recklessly!
You are too injured to fight recklessly!
You are too injured to fight recklessly!
You are too injured to fight recklessly!
You are too injured to fight recklessly!
Unknown command.
You barely miss the howler monkey.
The howler monkey is severely wounded.
The howler monkey barely misses you.
You thump the howler monkey!
You kill the howler monkey!
The adder bites you. The orc hits you but does no damage. The adder bites you.
The orc barely misses you.
You sock the orc!
You kill the orc!
The adder misses you. The orc closely misses you.
The orc priest calls down the wrath of Beogh upon you.
Beogh smites you!
You die...

#......÷)..#...#.......
#######>...÷...#.......
#)######.# ..(..
##.######.####.###
#.................
#..#######....#### #..#
#....# #..# #....# #@o#
#....####
#S)#######........
.o.......'........
##o.#######........
#..# #...#.###
#..#######...#.#
..).......####.#
#.#######.####.#
#........#


You could see an orc priest, an adder and 2 orcs.

Vanquished Creatures
  A centaur (D:3)
  A howler monkey (D:3)
  A gnoll bouda (D:3)
  Natasha (D:3)
  3 gnolls (D:3)
  4 adders
  A worm (D:3)
  2 dart slugs
  7 orcs (D:3)
  4 ball pythons
  3 endoplasms
  2 giant cockroaches
  3 goblins
  4 hobgoblins
  14 jackals (D:3)
  6 quokkas
  7 bats
  3 frilled lizards
  A kobold (D:1)
  A rat (D:1)
69 creatures vanquished.

Vanquished Creatures (others)
  2 plants (D:3)
2 creatures vanquished.

Grand Total: 71 creatures vanquished

Notes
Turn   | Place    | Note
-------+----------+-------------------------------------------
     0 | D:1      | zeram the Gargoyle Fighter began the quest for the Orb.
     0 | D:1      | Reached XP level 1. HP: 14/14 MP: 1/1
   169 | D:1      | Reached XP level 2. HP: 19/19 MP: 2/2
   585 | D:2      | Reached XP level 3. HP: 21/23 MP: 3/3
   650 | D:2      | Found a faded altar of an unknown god.
  1306 | D:3      | Reached XP level 4. HP: 28/28 MP: 4/4
  1972 | D:3      | Noticed Natasha
  1999 | D:3      | Killed Natasha
  2000 | D:3      | Reached skill level 1 in Dodging
  2000 | D:3      | Reached XP level 5. HP: 24/33 MP: 5/5
  2418 | D:3      | Found a bloodstained altar of Trog.
  2439 | D:3      | Noticed a centaur
  2461 | D:3      | Killed a centaur
  2462 | D:3      | Reached XP level 6. HP: 16/38 MP: 6/6
  2703 | D:3      | Killed from afar by an orc priest

Illustrated notes

Levels and vault maps discovered:
D:1:      minmay_arrival_cross, layout_rooms
D:2:      layout_basic, dreamdust_ecumenical_altar_statues
D:3:      lemuel_castle_with_subvaults [lemuel_castle_interior_carwin_3],
          layout_basic, old_standard_altar, uniq_natasha

Skill      XL: |  1  2  3  4  5 |
---------------+----------------+-----
Armour         | 4 |  4.7
Maces & Flails | 3 4 |  4.5
Dodging        | 1 |  1.5
Fighting       | |  3.9
Stealth        | |  0.2
Shields        | |  3.8

Action                   |  1- 3 |  4- 6 || total
-------------------------+-------+-------++-------
Melee: Flail             |    94 |   157 ||   251
  Use: Scroll            |     6 |     2 ||     8
       Potion            |       |     2 ||     2
Armor: Scale mail        |    55 |   121 ||   176
Dodge: Dodged            |    56 |   111 ||   167
Block: Buckler           |    20 |    52 ||    72
